 Dungeon Crawl Stone Soup version 0.30-a0-365-ge7f957f1db (webtiles) character file.

Game seed: 15143209588812162905

180 Manisia the Sneak (level 5, 43/43 HPs)
             Began as a Gnoll Wanderer on Nov 18, 2022.
             Quit the game on level 3 of the Dungeon.
             The game lasted 00:03:15 (2386 turns).

Manisia the Sneak (Gnoll Wanderer)                  Turns: 2386, Time: 00:03:16

Health: 43/43      AC:  3    Str: 10    XL:     5   Next: 60%
Magic:  9/9        EV: 12    Int: 11    God:
Gold:   205        SH:  0    Dex: 15    Spells: 10/10 levels left

rFire   . . .      SeeInvis .    a - +1 rapier
rCold   . . .      Faith    .    (no shield)
rNeg    . . .      Spirit   .    d - +0 robe
rPois   .          Reflect  .    (no helmet)
rElec   .          Harm     .    (no cloak)
rCorr   +          Rampage  .    b - +0 pair of gloves
Will    .....                    (no boots)
Stlth   ++++......               (no amulet)
HPRegen 0.27/turn                n - ring of resist corrosion
MPRegen 0.11/turn                s - ring of flight

@: flying
A: fangs 1, strong nose, distributed training
a: no special abilities


You were on level 3 of the Dungeon.
You visited 1 branch of the dungeon, and saw 3 of its levels.

You collected 205 gold pieces.

Inventory:

Hand Weapons
 a - a +1 rapier (weapon)
Missiles
 f - 2 poisoned darts (quivered)
Armour
 b - a +0 pair of gloves (worn)
 d - a +0 robe (worn)
Jewellery
 l - a ring of protection from fire
 n - a ring of resist corrosion (left hand)
 s - a ring of flight (right hand)
Scrolls
 c - 2 scrolls of vulnerability
 h - 2 scrolls of identify
 j - a scroll of noise {unknown}
 o - a scroll of teleportation
Potions
 e - a potion of lignification
 g - a potion of mutation
 i - 2 potions of attraction
 k - a potion of brilliance {unknown}
 m - a potion of haste {unknown}
 p - a potion of berserk rage {unknown}
 q - a potion of resistance {unknown}
 r - a potion of flight {unknown}


   Skills:
 + Level 4.8 Fighting
 + Level 4.8 Short Blades
 + Level 1.6 Long Blades
 + Level 1.6 Axes
 + Level 1.6 Maces & Flails
 + Level 1.6 Polearms
 + Level 1.6 Staves
 + Level 1.6 Ranged Weapons
 + Level 1.6 Throwing
 + Level 3.0 Armour
 + Level 1.6 Dodging
 + Level 7.9 Stealth
 + Level 1.6 Shields
 + Level 1.6 Unarmed Combat
 + Level 3.2 Spellcasting
 + Level 1.3 Conjurations
 + Level 1.3 Hexes
 + Level 1.3 Summonings
 + Level 1.3 Necromancy
 + Level 1.3 Translocations
 + Level 1.3 Transmutations
 + Level 1.3 Fire Magic
 + Level 1.3 Ice Magic
 + Level 1.3 Air Magic
 + Level 1.3 Earth Magic
 + Level 1.3 Poison Magic
 + Level 1.8 Invocations
 + Level 1.6 Evocations


You had 10 spell levels left.
You didn't know any spells.
Your spell library contained the following spells:

 Spells                   Type           Power      Damage    Failure   Level
 Necrotise                Necr           16%        1d4       16%         1
 Vampiric Draining        Necr           4%         2d6       41%         3
 Agony                    Necr           4%         N/A       99%         5


Dungeon Overview and Level Annotations

Branches:
Dungeon (3/15)

Altars:

Shops:
D:3 *


Innate Abilities, Weirdness & Mutations

You have very sharp teeth.
Your uncanny sense of smell can sniff out nearby items.
Your experience applies equally to all skills.


Message History

A scorpion is nearby!
A scorpion is nearby!
A giant cockroach comes into view.
The helpless scorpion fails to defend itself.
You spit the scorpion like a pig!!!
You kill the scorpion!
Your Armour skill increases to level 3!
A giant cockroach is nearby!
A bat comes into view.
The bat moves out of view.
You hit the giant cockroach but do no damage.
You bite the giant cockroach, but do no damage.
The giant cockroach bites you but does no damage.
You barely miss the giant cockroach. You bite the giant cockroach.
The giant cockroach is moderately wounded.
The giant cockroach closely misses you. x2
You hit the giant cockroach.
The giant cockroach is heavily wounded.
The giant cockroach barely misses you.
You hit the giant cockroach.
You kill the giant cockroach!
No target in view!
You see here a giant cockroach corpse.
You see here a giant cockroach corpse.
You reach down and open the door.
There is an open door here.
There is an open door here.
Found a stone staircase leading up.
Found a dagger.
No target in view!
No target in view!
You pick up a book of Necromancy and begin reading...
You add the spells Necrotise, Vampiric Draining and Agony to your library.
Okay, then.
Are you sure you want to abandon this character and quit the game? (Confirm with "yes".)
Okay, then.
Unknown command.
Unknown command.
Unknown command.
Are you sure you want to abandon this character and quit the game? (Confirm with "yes".)

..........#
#.#...............>#
###########
#.#.######.#..#.####
#.#....)...#..#.
#.#..#######. #.
#.#..# #.#..#
#.#..######
#.#........
#..@.###### ####.#
##


There were no monsters in sight!

Vanquished Creatures
  A scorpion (D:3)
  7 adders
  An ufetubus (D:3)
  A worm (D:2)
  3 dart slugs
  2 orcs (D:3)
  6 bats
  3 endoplasms
  4 giant cockroaches
  2 goblins (D:2)
  4 hobgoblins
  3 kobolds
  2 quokkas
  A ball python (D:1)
  4 frilled lizards (D:2)
  5 rats
49 creatures vanquished.

Notes
Turn   | Place    | Note
-------+----------+-------------------------------------------
     0 | D:1      | Manisia the Gnoll Wanderer began the quest for the Orb.
     0 | D:1      | Manisia set off with the following items: a +1 rapier, a +0
                  | pair of gloves, a scroll of vulnerability, a +0 robe.
     0 | D:1      | Reached XP level 1. HP: 20/20 MP: 4/4
   274 | D:1      | Reached XP level 2. HP: 26/26 MP: 5/5
   818 | D:2      | Reached XP level 3. HP: 27/31 MP: 7/7
  1018 | D:2      | Reached skill level 1 in Invocations
  1377 | D:2      | Reached skill level 1 in Long Blades
  1377 | D:2      | Reached skill level 1 in Axes
  1377 | D:2      | Reached skill level 1 in Maces & Flails
  1377 | D:2      | Reached skill level 1 in Polearms
  1377 | D:2      | Reached skill level 1 in Staves
  1377 | D:2      | Reached skill level 1 in Ranged Weapons
  1377 | D:2      | Reached skill level 1 in Throwing
  1377 | D:2      | Reached skill level 1 in Dodging
  1377 | D:2      | Reached skill level 1 in Shields
  1377 | D:2      | Reached skill level 1 in Unarmed Combat
  1377 | D:2      | Reached skill level 1 in Evocations
  1391 | D:2      | Reached XP level 4. HP: 12/38 MP: 8/8
  1653 | D:3      | Reached skill level 1 in Conjurations
  1653 | D:3      | Reached skill level 1 in Hexes
  1653 | D:3      | Reached skill level 1 in Summonings
  1653 | D:3      | Reached skill level 1 in Necromancy
  1653 | D:3      | Reached skill level 1 in Translocations
  1653 | D:3      | Reached skill level 1 in Transmutations
  1653 | D:3      | Reached skill level 1 in Fire Magic
  1653 | D:3      | Reached skill level 1 in Ice Magic
  1653 | D:3      | Reached skill level 1 in Air Magic
  1653 | D:3      | Reached skill level 1 in Earth Magic
  1653 | D:3      | Reached skill level 1 in Poison Magic
  1736 | D:3      | Found Xuteschi's Assorted Antiques.
  2122 | D:3      | Reached XP level 5. HP: 34/43 MP: 9/9
  2386 | D:3      | Quit the game

Illustrated notes

Levels and vault maps discovered:
D:1:      matt_arrival_refuge, layout_loops_cross, nicolae_figureground_pulse
D:2:      minmay_razor_zed, layout_loops_ring, st_stairs_5,
          minmay_misc_feat_cross
D:3:      layout_basic, serial_shops, shop

Skill      XL: |  1  2  3  4  5 |
---------------+----------------+-----
Invocations    | 1 |  1.8
Long Blades    | 1 |  1.6
Axes           | 1 |  1.6
Maces & Flails | 1 |  1.6
Polearms       | 1 |  1.6
Staves         | 1 |  1.6
Ranged Weapons | 1 |  1.6
Throwing       | 1 |  1.6
Dodging        | 1 |  1.6
Shields        | 1 |  1.6
Unarmed Combat | 1 |  1.6
Evocations     | 1 |  1.6
Spellcasting   | 3 |  3.2
Conjurations   | 1 |  1.3
Hexes          | 1 |  1.3
Summonings     | 1 |  1.3
Necromancy     | 1 |  1.3
Translocations | 1 |  1.3
Transmutations | 1 |  1.3
Fire Magic     | 1 |  1.3
Ice Magic      | 1 |  1.3
Air Magic      | 1 |  1.3
Earth Magic    | 1 |  1.3
Poison Magic   | 1 |  1.3
Armour         | 3 |  3.0
Fighting       | |  4.8
Short Blades   | |  4.8
Stealth        | |  7.9

Action                   |  1- 3 |  4- 6 || total
-------------------------+-------+-------++-------
Melee: Rapier            |    61 |    65 ||   126
       Punch             |     1 |       ||     1
       Bite              |     3 |     9 ||    12
  Use: Scroll            |     2 |     5 ||     7
 Stab: Sleeping          |    10 |     8 ||    18
Armor: Robe              |    19 |    21 ||    40
Dodge: Dodged            |    38 |    40 ||    78

Table legend: (Time is in decaauts)
 A = Elapsed time spent in this place.
 B = Non-inter-level travel time spent in this place.
 C = Inter-level travel time spent in this place.
 D = Time resting spent in this place.
 E = Time spent auto-exploring this place.
 F = Levels seen in this place.
 G = Mean time per level.
                   A        B        C        D        E       F      G
               +--------+--------+--------+--------+--------+-----+--------+
         Total |   2381 |   2336 |     45 |      0 |   1983 |   3 |  793.7 |
       Dungeon |   2381 |   2336 |     45 |      0 |   1983 |   3 |  793.7 |
               +--------+--------+--------+--------+--------+-----+--------+

Top non-repeatable levels by time:
     D:2: 924 daAuts
     D:3: 746 daAuts
     D:1: 710 daAuts
